 Dungeon Crawl Stone Soup version 0.30.2 (webtiles) character file.

Game seed: 1523553919531025930

80 porpoise the Caller (level 4, 0/30 HPs)
             Began as a Demonspawn Summoner on Feb 1, 2024.
             Slain by Grinder (6 damage)
             ... on level 3 of the Dungeon.
             The game lasted 00:08:32 (1798 turns).

porpoise the Caller (Demonspawn Summoner)           Turns: 1798, Time: 00:08:33

Health: 0/30       AC:  3    Str:  9    XL:     4   Next: 18%
Magic:  8/8        EV: 11    Int: 18    God:
Gold:   107        SH:  3    Dex: 13    Spells: 3/9 levels left

rFire   . . .        a - +3 sling (drain)
rCold   . . .        f - +0 buckler
rNeg    . . .        m - +0 robe
rPois   .            (no helmet)
rElec   .            g - scarf {repulsion}
rCorr   .            (no gloves)
SInv    .            (no boots)
Will    .....        (no amulet)
Stlth   ++           (no ring)
HPRegen 0.25/turn    (no ring)
MPRegen 0.11/turn

%: repel missiles
@: no status effects
A: ignite blood 1, sharp scales 1
a: no special abilities


You were on level 3 of the Dungeon.
You visited 1 branch of the dungeon, and saw 3 of its levels.

You collected 107 gold pieces.

Inventory:

Hand Weapons
 a - a +3 sling of draining (weapon)
 b - a +3 longbow of draining
Missiles
 d - 4 javelins
Armour
 f - a +0 buckler (worn)
 g - a scarf of repulsion (worn)
 m - a +0 robe (worn)
Scrolls
 e - 3 scrolls of identify
 j - a scroll of blinking {unknown}
 k - a scroll of immolation {unknown}
Potions
 c - a potion of magic


   Skills:
 * Level 1.2 Ranged Weapons
 - Level 1.7 Dodging
 - Level 1.7 Stealth
 - Level 0.8 Shields
 + Level 3.0 Spellcasting
 + Level 4.6 Summonings


You had 3 spell levels left.
You knew the following spells:

 Your Spells              Type           Power      Damage    Failure   Level
a - Summon Small Mammal   Summ           76%        N/A       3%          1
b - Call Imp              Summ           38%        N/A       5%          2
c - Call Canine Familiar  Summ           19%        N/A       11%         3

Your spell library contained the following spells:

 Spells                   Type           Power      Damage    Failure   Level
 Necrotise                Necr           8%         1d4       26%         1
 Summon Guardian Golem    Hex/Summ       11%        N/A       28%         3
 Vampiric Draining        Necr           2%         2d6       58%         3
 Summon Lightning Spire   Summ/Air       11%        N/A       67%         4
 Agony                    Necr           2%         N/A       100%        5


Dungeon Overview and Level Annotations

Branches:
Dungeon (3/15)

Altars:

Annotations:
D:3 Grinder


Innate Abilities, Weirdness & Mutations

Your demonic aura sometimes causes spilled blood to erupt in flames.
You are partially covered in razor-sharp scales. (AC +1, Slay +1)


Message History

No target in view!
Grinder comes into view.
Found a stone staircase leading down.
Grinder shouts!
Grinder blinks!
Grinder moves out of view.
Things that are here:
a +0 dagger; 2 stones; a kobold corpse A dart slug comes into view.
Found a scroll labelled PYHETE JIVVEBA.
You shoot a sling bullet. The sling bullet hits the dart slug!
You drain the dart slug.
You kill the dart slug!
Your Spellcasting skill increases to level 3!
You shoot a sling bullet. The sling bullet hits Grinder.
Grinder is lightly wounded.
You shoot a sling bullet.
The sling bullet closely misses Grinder.
Grinder gestures at you. Pain shoots through your body!
You shoot a sling bullet.
The sling bullet closely misses Grinder.
You shoot a sling bullet. The sling bullet hits Grinder.
Grinder is lightly wounded.
You shoot a sling bullet. The sling bullet hits Grinder.
Grinder is moderately wounded.
Grinder hits you!
You shoot a sling bullet. The sling bullet barely misses Grinder.
Grinder hits you!
* * * LOW HITPOINT WARNING * * *
You writhe in agony.
* * * LOW HITPOINT WARNING * * *
You are too injured to fight recklessly!
You are too injured to fight recklessly!
You are too injured to fight recklessly!
You are too injured to fight recklessly!
You are too injured to fight recklessly!
You feel better. Grinder hits you!
* * * LOW HITPOINT WARNING * * *
You writhe in agony.
You die...

#####........
#.##........†...
........<...#
#.##....#####
.#......#####.##
.................
###......#####.##
#.......).#
#......°@.#
#.......5°#
#.........#
#.........#
#.........#
#.........#
..>......#
?........#


You could see Grinder.

Vanquished Creatures
  2 adders (D:2)
  3 worms (D:2)
  3 dart slugs
  5 endoplasms
  2 giant cockroaches
  2 goblins
  5 hobgoblins
  7 kobolds
  A quokka (D:1)
  2 ball pythons
  9 bats
  4 frilled lizards
  2 rats
47 creatures vanquished.

Notes
Turn   | Place    | Note
-------+----------+-------------------------------------------
     0 | D:1      | porpoise the Demonspawn Summoner began the quest for the
                  | Orb.
     0 | D:1      | Reached XP level 1. HP: 13/13 MP: 3/3
   316 | D:1      | Gained mutation: Your demonic aura sometimes causes spilled
                  | blood to erupt in flames. [demonic ancestry]
   316 | D:1      | Reached XP level 2. HP: 19/19 MP: 5/5
   629 | D:1      | Found a faded altar of an unknown god.
   969 | D:2      | Gained mutation: You are partially covered in razor-sharp
                  | scales. (AC +1, Slay +1) [demonic ancestry]
   969 | D:2      | Reached XP level 3. HP: 24/24 MP: 6/6
   975 | D:2      | Learned a level 2 spell: Call Imp
   979 | D:2      | Learned a level 3 spell: Call Canine Familiar
  1448 | D:2      | Reached skill level 1 in Ranged Weapons
  1448 | D:2      | Reached XP level 4. HP: 30/30 MP: 8/8
  1776 | D:3      | Identified a scroll of acquirement
  1777 | D:3      | Acquired a +3 longbow of draining
  1789 | D:3      | Noticed Grinder
  1798 | D:3      | Slain by Grinder

Illustrated notes

Levels and vault maps discovered:
D:1:      dpeg_arrival_radiant, layout_loops_ring,
          shapermc_ecumenical_altar_mp_urbaneastern
D:2:      layout_loops_ring
D:3:      layout_loops_ring, lightli_temple_of_fire, uniq_natasha, uniq_robin,
          uniq_sigmund, uniq_crazy_yiuf_cottage, uniq_grinder

Skill      XL: |  1  2  3  4 |
---------------+-------------+-----
Ranged Weapons | 1 |  1.2
Spellcasting   | 3 |  3.0
Dodging        | |  1.7
Stealth        | |  1.7
Shields        | |  0.8
Summonings     | |  4.6

Action                     |  1- 3 |  4- 6 || total
---------------------------+-------+-------++-------
   Fire: Sling             |   126 |    25 ||   151
   Cast: Summon Small Mamm |     5 |       ||     5
    Use: Scroll            |       |     6 ||     6
         Potion            |       |     1 ||     1
 Armour: Robe              |    16 |     1 ||    17
  Dodge: Dodged            |    46 |     1 ||    47
  Block: Buckler           |    10 |       ||    10
